WCHLSIM.com - West Coast Hockey League
html PUBLIC "-//W3C//DTD XHTML 1.0 Transitional//EN" "http://www.w3.org/TR/xhtml1/DTD/xhtml1-transitional.dtd"> WCHL - Game 470 - UTAH ICE BEARS vs KANSAS CITY KILLERBEES

UTAH ICE BEARS vs KANSAS CITY KILLERBEES

Created - 20 décembre 2022 at 06:51

Goals
1 2 3 T
UTAH ICE BEARS 1 1 2 4
KANSAS CITY KILLERBEES 0 2 1 3
Shots
1 2 3 T
UTAH ICE BEARS 11 9 7 27
KANSAS CITY KILLERBEES 6 4 7 17

1st period

1. UTAH ICE BEARS , Kyle Okposo 3 (Andrew Mangiapane 10, Evgeni Malkin 11) at 7:25

Penalties :
No Penalty

2nd period

2. KANSAS CITY KILLERBEES , Yegor Sharangovich 12 (Alexis Lafreniere 14, K'Andre Miller 7) at 0:41 (PP)
3. KANSAS CITY KILLERBEES , Tyler Johnson 4 (Ryan Dzingel 3, Egor Zamula 1) at 15:27
4. UTAH ICE BEARS , Andrew Mangiapane 13 (Evgeni Malkin 12) at 16:34

Penalties :
Andrew Peeke (UTA) for Hooking (Minor) at 0:04, Buddy Robinson (KCK) for Slashing (Minor) at 0:42, Artem Zub (UTA) for High sticking (Minor) at 8:20

3rd period

5. KANSAS CITY KILLERBEES , Yegor Sharangovich 13 (Ryan Dzingel 4) at 7:06 (SH)
6. UTAH ICE BEARS , Blake Lizotte 4 (Zachary Sanford 5, T.J. Brodie 1) at 9:13
7. UTAH ICE BEARS , Blake Lizotte 5 (Zachary Sanford 6, MacKenzie Weegar 17) at 15:20

Penalties :
Colin Miller (KCK) for Elbowing (Minor) at 2:26, Colin Miller (KCK) for Hooking (Minor) at 6:44, Buddy Robinson (KCK) for Hooking (Minor) at 13:03, Andrew Peeke (UTA) for Hooking (Minor) at 18:40

Goalie Stats

Connor Ingram (UTA), 14 saves from 17 shots - (0,824), W, 6-1-0, 60:00 minutes
Ilya Samsonov (KCK), 23 saves from 27 shots - (0,852), L, 2-17-0, 59:00 minutes

Players Stats for UTAH ICE BEARS

Player Name              G  A  P  +/- PIM S  H  SB GA TA FO     MP     PP MP  PK MP  
------------------------------------------------------------------------------------
Alexander Barabanov      0  0  0   0  0   0  2  0  0  0  2/2    19:41   3:48   0:00 
Andrew Mangiapane        1  1  2   1  0   6  1  0  0  0  1/1    15:19   0:00   0:00 
Andrew Peeke             0  0  0   0  4   0  0  0  0  0  0/0    20:53   4:13   1:14 
Artem Zub                0  0  0   0  2   0  1  3  0  0  0/0    15:15   0:14   0:14 
Blake Lizotte            2  0  2   2  0   4  0  0  0  0  4/4     5:23   0:00   0:00 
Bowen Byram              0  0  0   1  0   0  0  1  0  0  0/0    19:19   3:29   0:06 
Evgeni Malkin            0  2  2   0  0   2  3  0  0  0  16/24  19:41   4:08   0:06 
Kyle Okposo              1  0  1   1  0   3  0  0  0  0  0/0    16:03   0:00   0:00 
Leo Komarov              0  0  0   2  0   0  0  0  0  0  4/4     7:58   0:00   2:26 
Lucas Raymond            0  0  0   0  0   3  1  0  0  0  1/3    19:41   3:48   0:00 
MacKenzie Weegar         0  1  1   2  0   1  3  1  0  0  0/0    23:37   3:43   2:27 
Mark Pysyk               0  0  0  -1  0   0  0  0  0  0  0/0    20:28   4:13   1:34 
Matthew Beniers          0  0  0   0  0   1  2  0  0  0  7/13   19:41   3:48   0:00 
Nicholas Paul            0  0  0  -1  0   3  0  0  0  0  1/1    16:56   4:08   1:23 
Ross Colton              0  0  0   0  0   1  4  0  0  0  5/13   11:25   0:00   0:00 
Rudolfs Balcers          0  0  0  -1  0   2  2  0  0  0  1/1    16:56   4:08   1:23 
T.J. Brodie              0  1  1   2  0   0  0  1  0  0  0/0    19:42   0:00   2:15 
Zachary Sanford          0  2  2   2  0   1  0  0  0  0  0/0     8:04   0:00   2:32 

Players Stats for KANSAS CITY KILLERBEES

Player Name              G  A  P  +/- PIM S  H  SB GA TA FO     MP     PP MP  PK MP  
------------------------------------------------------------------------------------
Alexis Lafreniere        0  1  1  -1  0   1  2  0  0  0  0/0    18:48   2:43   1:21 
Anders Bjork             0  0  0   0  0   1  0  0  0  0  0/1    13:31   0:48   1:39 
Buddy Robinson           0  0  0   1  4   3  3  0  0  0  0/0    14:19   0:24   0:00 
Cam Fowler               0  0  0   1  0   0  4  1  0  0  0/0    24:53   2:43   4:41 
Cody McLeod              0  0  0  -3  0   0  0  0  0  0  0/1     9:03   0:00   0:06 
Colin Miller             0  0  0  -2  4   0  0  1  0  0  0/0    16:27   1:12   1:40 
Egor Zamula              0  1  1  -1  0   0  2  2  0  0  0/0    17:48   0:00   0:45 
Jake Lucchini            0  0  0  -3  0   0  0  0  0  0  1/5     9:07   0:48   0:00 
K'Andre Miller           0  1  1   1  0   0  5  2  0  0  0/0    24:49   2:43   4:37 
Keith Yandle             0  0  0  -2  0   0  1  1  0  0  0/0    18:58   1:12   4:09 
MacKenzie Entwistle      0  0  0  -1  0   0  0  0  0  0  0/4    17:29   0:00   2:40 
Mason Marchment          0  0  0   0  0   4  1  0  0  0  0/0    11:04   0:00   0:00 
Maxwell Willman          0  0  0  -3  0   1  0  0  0  0  0/0     8:57   0:00   0:00 
Michael Chaput           0  0  0   0  0   0  0  0  0  0  4/11   13:14   2:43   0:00 
Ryan Dzingel             0  2  2   2  0   0  0  0  0  0  4/10   17:40   1:12   3:04 
Tyler Johnson            1  0  1   1  0   3  0  0  0  0  9/15   17:01   0:24   2:40 
Will Butcher             0  0  0  -1  0   0  0  0  0  0  0/0    17:03   0:00   0:00 
Yegor Sharangovich       2  0  2   0  0   4  0  1  0  0  6/19   21:49   2:43   4:22 

3 Stars

1 - Blake Lizotte (UTA)
2 - Andrew Mangiapane (UTA)
3 - Yegor Sharangovich (KCK)

Power Play

UTAH ICE BEARS - 0 on 4 Attempt(s) - 0,00%
KANSAS CITY KILLERBEES - 1 on 3 Attempt(s) - 33,33%

Penalty Kill

UTAH ICE BEARS - 2 on 3 Attempt(s) - 66,67% - Score 0 goal in Penalty Kill
KANSAS CITY KILLERBEES - 4 on 4 Attempt(s) - 100,00% - Score 1 goal in Penalty Kill

Team Stat

UTAH ICE BEARS - Hits : 19 - Faceoff Wins : 42 - Blocked Shots : 6 - Penalty Minutes : 6
KANSAS CITY KILLERBEES - Hits : 18 - Faceoff Wins : 24 - Blocked Shots : 8 - Penalty Minutes : 8

Official

Referees : Jim Curtin and TJ Luxmore
Linesman : Julien Fournier and Michel Cormier

Game Notes

No Game Note

Finance

Level 1 -- Attendance: 6500 (100,00%) -- Ticket Income 975 000 $
Level 2 -- Attendance: 4633 (87,42%) -- Ticket Income 555 960 $
Level 3 -- Attendance: 2094 (83,76%) -- Ticket Income 188 460 $
Level 4 -- Attendance: 4200 (100,00%) -- Ticket Income 210 000 $
Luxury Box -- Attendance: 1020 (100,00%) -- Ticket Income 295 800 $
Game was played at the Missouri Beehive Complex.
Total Attendance: 18447 (94,50%)
Total Ticket Income: 2 225 220 $
Other Expense: 22 252 $
Total Income: 2 202 968 $

UTAH ICE BEARS

5 vs 5 Forward 
   Center                   Left Wing                Right Wing               Time % Phy DF OF 
 1 Evgeni Malkin            Andrew Mangiapane        Kyle Okposo              36     1   2  2  
 2 Matthew Beniers          Alexander Barabanov      Lucas Raymond            31     1   2  2  
 3 Ross Colton              Nicholas Paul            Rudolfs Balcers          23     1   2  2  
 4 Blake Lizotte            Zachary Sanford          Leo Komarov              10     1   2  2  

5 vs 5 Defense 
   Defense                  Defense                                           Time % Phy DF OF 
 1 MacKenzie Weegar         T.J. Brodie                                       36     1   2  2  
 2 Bowen Byram              Andrew Peeke                                      31     1   2  2  
 3 Mark Pysyk               Artem Zub                                         23     1   2  2  
 4 Bowen Byram              Andrew Peeke                                      10     1   2  2  

PowerPlay Forward 
   Center                   Left Wing                Right Wing               Time % Phy DF OF 
 1 Evgeni Malkin            Rudolfs Balcers          Nicholas Paul            55     1   2  2  
 2 Matthew Beniers          Alexander Barabanov      Lucas Raymond            45     1   2  2  

PowerPlay Defense
   Defense                  Defense                                           Time % Phy DF OF 
 1 Bowen Byram              MacKenzie Weegar                                  55     1   2  2  
 2 Mark Pysyk               Andrew Peeke                                      45     1   2  2  

Penalty Kill 4 Players Forward 
   Center                   Wing                     Time % Phy DF OF 
 1 Leo Komarov              Zachary Sanford          55     1   2  2  
 2 Nicholas Paul            Rudolfs Balcers          45     1   2  2  

Penalty Kill 4 Players Defense
   Defense                  Defense                  Time % Phy DF OF 
 1 MacKenzie Weegar         Mark Pysyk               55     1   2  2  
 2 T.J. Brodie              Andrew Peeke             45     1   2  2  

Penalty Kill - 3 Players Forward 
   Forward                                           Time % Phy DF OF 
 1 Leo Komarov                                       55     1   2  2  
 2 Nicholas Paul                                     45     1   2  2  

Penalty Kill - 3 Players Defense
   Defense                  Defense                  Time % Phy DF OF 
 1 MacKenzie Weegar         T.J. Brodie              55     1   2  2  
 2 Mark Pysyk               Andrew Peeke             45     1   2  2  

4 vs 4 Forward 
   Center                   Wing                     Time % Phy DF OF 
 1 Evgeni Malkin            Nicholas Paul            55     1   2  2  
 2 Matthew Beniers          Alexander Barabanov      45     1   2  2  

4 vs 4 Defense
   Defense                  Defense                  Time % Phy DF OF 
 1 MacKenzie Weegar         T.J. Brodie              55     1   2  2  
 2 Mark Pysyk               Andrew Peeke             45     1   2  2  

Last Minutes Offensive
   Center                   Left Wing                Right Wing               Defense                  Defense                  
   Matthew Beniers          Kyle Okposo              Andrew Mangiapane        MacKenzie Weegar         T.J. Brodie              

Last Minutes Defensive
   Center                   Left Wing                Right Wing               Defense                  Defense                  
   Blake Lizotte            Rudolfs Balcers          Kyle Okposo              MacKenzie Weegar         T.J. Brodie              

Goaltenders
Starting : Connor Ingram            
Backup : Thatcher Demko           

Extra Forwards
Normal : Kyle Okposo, Ross Colton, Nicholas Paul - PP : Rudolfs Balcers, Ross Colton - PK : Nicholas Paul
Extra Defensemen
Normal : Mark Pysyk, MacKenzie Weegar, T.J. Brodie - PP : Mark Pysyk - PK : Andrew Peeke, MacKenzie Weegar
Penalty Shots
Evgeni Malkin, Matthew Beniers, Kyle Okposo, Alexander Barabanov, Nicholas Paul
Custom OT Lines Forwards
Evgeni Malkin, Andrew Mangiapane, Kyle Okposo, Alexander Barabanov, Nicholas Paul, Ross Colton, Lucas Raymond, Blake Lizotte, Rudolfs Balcers, Matthew Beniers
Custom OT Lines Defensemen
MacKenzie Weegar, T.J. Brodie, Bowen Byram, Andrew Peeke, Mark Pysyk

Scratches
Casey Mittelstadt (Sports Hernia Injury), Radim Simek (Healthy), Troy Stecher (Healthy), Tucker Poolman (Healthy), Brandon Bussi (Healthy)

KANSAS CITY KILLERBEES

5 vs 5 Forward 
   Center                   Left Wing                Right Wing               Time % Phy DF OF 
 1 Yegor Sharangovich       Alexis Lafreniere        MacKenzie Entwistle      36     1   2  2  
 2 Tyler Johnson            Ryan Dzingel             Buddy Robinson           31     1   2  2  
 3 Michael Chaput           Anders Bjork             Mason Marchment          23     1   2  2  
 4 Jake Lucchini            Maxwell Willman          Cody McLeod              10     1   2  2  

5 vs 5 Defense 
   Defense                  Defense                                           Time % Phy DF OF 
 1 Cam Fowler               K'Andre Miller                                    36     1   2  2  
 2 Colin Miller             Keith Yandle                                      31     1   2  2  
 3 Will Butcher             Egor Zamula                                       23     1   2  2  
 4 Cam Fowler               K'Andre Miller                                    10     1   2  2  

PowerPlay Forward 
   Center                   Left Wing                Right Wing               Time % Phy DF OF 
 1 Yegor Sharangovich       Alexis Lafreniere        Michael Chaput           55     1   2  2  
 2 Tyler Johnson            Ryan Dzingel             Buddy Robinson           45     1   2  2  

PowerPlay Defense
   Defense                  Defense                                           Time % Phy DF OF 
 1 Cam Fowler               K'Andre Miller                                    55     1   2  2  
 2 Colin Miller             Keith Yandle                                      45     1   2  2  

Penalty Kill 4 Players Forward 
   Center                   Wing                     Time % Phy DF OF 
 1 Ryan Dzingel             Yegor Sharangovich       55     1   2  2  
 2 MacKenzie Entwistle      Tyler Johnson            45     1   2  2  

Penalty Kill 4 Players Defense
   Defense                  Defense                  Time % Phy DF OF 
 1 Cam Fowler               K'Andre Miller           55     1   2  2  
 2 Colin Miller             Keith Yandle             45     1   2  2  

Penalty Kill - 3 Players Forward 
   Forward                                           Time % Phy DF OF 
 1 Tyler Johnson                                     55     1   2  2  
 2 Yegor Sharangovich                                45     1   2  2  

Penalty Kill - 3 Players Defense
   Defense                  Defense                  Time % Phy DF OF 
 1 Cam Fowler               K'Andre Miller           55     1   2  2  
 2 Colin Miller             Keith Yandle             45     1   2  2  

4 vs 4 Forward 
   Center                   Wing                     Time % Phy DF OF 
 1 Anders Bjork             Yegor Sharangovich       55     1   2  2  
 2 Alexis Lafreniere        Tyler Johnson            45     1   2  2  

4 vs 4 Defense
   Defense                  Defense                  Time % Phy DF OF 
 1 Cam Fowler               K'Andre Miller           55     1   2  2  
 2 Colin Miller             Keith Yandle             45     1   2  2  

Last Minutes Offensive
   Center                   Left Wing                Right Wing               Defense                  Defense                  
   Yegor Sharangovich       Alexis Lafreniere        MacKenzie Entwistle      Cam Fowler               K'Andre Miller           

Last Minutes Defensive
   Center                   Left Wing                Right Wing               Defense                  Defense                  
   Yegor Sharangovich       Alexis Lafreniere        MacKenzie Entwistle      Cam Fowler               K'Andre Miller           

Goaltenders
Starting : Ilya Samsonov            
Backup : Casey DeSmith            

Extra Forwards
Normal : Yegor Sharangovich, Michael Chaput, Anders Bjork - PP : Yegor Sharangovich, Michael Chaput - PK : Anders Bjork
Extra Defensemen
Normal : Will Butcher, Cam Fowler, Colin Miller - PP : Will Butcher - PK : K'Andre Miller, Colin Miller
Penalty Shots
Michael Chaput, Yegor Sharangovich, Buddy Robinson, Tyler Johnson, Ryan Dzingel
Custom OT Lines Forwards
MacKenzie Entwistle, Yegor Sharangovich, Mason Marchment, Tyler Johnson, Ryan Dzingel, Michael Chaput, Buddy Robinson, Anders Bjork, Jake Lucchini, Maxwell Willman
Custom OT Lines Defensemen
Cam Fowler, K'Andre Miller, Colin Miller, Keith Yandle, Will Butcher

Scratches
Jakub Zboril (Bruised Left Leg Injury), Jacob Muzzin (Bruised Left Arm Injury), James van Riemsdyk (Healthy), Brett Connolly (Healthy), Zach Aston-Reese (Facial Surgery Injury)

% Time on Ice - UTAH ICE BEARS

Lines # - Real PCT - Wanted PCT - Time Play
Normal Forward
1 - 32% - 36% - 15:19
2 - 33% - 31% - 15:53
3 - 24% - 23% - 11:25
4 - 11% - 10% - 5:32
Normal Defense
1 - 36% - 36% - 17:27
2 - 29% - 31% - 14:02
3 - 29% - 23% - 14:08
4 - 5% - 10% - 2:32
PP Forward
1 - 52% - 55% - 4:08
2 - 48% - 45% - 3:48
PP Defense
1 - 47% - 55% - 3:43
2 - 53% - 45% - 4:13
PK Forward
1 - 65% - 55% - 2:32
2 - 35% - 45% - 1:23
PK Defense
1 - 43% - 55% - 1:40
2 - 57% - 45% - 2:15
PK3 Forward
1 - 0% - 55%
2 - 0% - 45%
PK3 Defense
1 - 0% - 55%
2 - 0% - 45%
44 Forward
1 - 0% - 55%
2 - 0% - 45%
44 Defense
1 - 0% - 55%
2 - 0% - 45%
Last Minute Offensive  - 0:00
Last Minute Defensive  - 0:00
Total
Forward - 60:00
Defense - 60:00

% Time on Ice - KANSAS CITY KILLERBEES

Lines # - Real PCT - Wanted PCT - Time Play
Normal Forward
1 - 29% - 36% - 14:11
2 - 29% - 31% - 13:57
3 - 23% - 23% - 11:04
4 - 19% - 10% - 8:57
Normal Defense
1 - 33% - 36% - 16:04
2 - 28% - 31% - 13:37
3 - 35% - 23% - 17:03
4 - 3% - 10% - 1:25
PP Forward
1 - 69% - 55% - 2:43
2 - 31% - 45% - 1:12
PP Defense
1 - 69% - 55% - 2:43
2 - 31% - 45% - 1:12
PK Forward
1 - 66% - 55% - 5:16
2 - 34% - 45% - 2:40
PK Defense
1 - 45% - 55% - 3:34
2 - 55% - 45% - 4:22
PK3 Forward
1 - 0% - 55%
2 - 0% - 45%
PK3 Defense
1 - 0% - 55%
2 - 0% - 45%
44 Forward
1 - 0% - 55%
2 - 0% - 45%
44 Defense
1 - 0% - 55%
2 - 0% - 45%
Last Minute Offensive  - 0:00
Last Minute Defensive  - 0:00
Total
Forward - 60:00
Defense - 60:00

Play-by-Play

1st period


0:01 of 1st period - Yegor Sharangovich wins face-off versus Evgeni Malkin in neutral zone.
1:11 of 1st period - Shot by Alexander Barabanov.
1:11 of 1st period - Shot Misses the Net.
1:19 of 1st period - Shot by Ryan Dzingel.
1:19 of 1st period - Shot Misses the Net.
1:21 of 1st period - Shot by Buddy Robinson.
1:21 of 1st period - Shot Misses the Net.
2:18 of 1st period - Shot by Ross Colton.
2:18 of 1st period - Stopped by Ilya Samsonov with a rebound.
2:20 of 1st period - Shot by Nicholas Paul.
2:20 of 1st period - Shot Misses the Net.
2:22 of 1st period - Shot by Nicholas Paul.
2:22 of 1st period - Stopped by Ilya Samsonov without a rebound.
2:23 of 1st period - Blake Lizotte wins face-off versus Jake Lucchini in KANSAS CITY KILLERBEES zone.
2:26 of 1st period - Shot by Blake Lizotte.
2:26 of 1st period - Stopped by Ilya Samsonov without a rebound.
2:27 of 1st period - Blake Lizotte wins face-off versus Jake Lucchini in KANSAS CITY KILLERBEES zone.
2:27 of 1st period - MacKenzie Weegar is hit by K'Andre Miller and loses puck.
3:09 of 1st period - Blake Lizotte is hit by Cam Fowler and loses puck.
3:29 of 1st period - Icing by Cam Fowler.
3:30 of 1st period - Matthew Beniers wins face-off versus Cody McLeod in KANSAS CITY KILLERBEES zone.
3:35 of 1st period - Shot by Matthew Beniers.
3:35 of 1st period - Shot Blocked by K'Andre Miller.
3:57 of 1st period - Shot by Alexis Lafreniere.
3:57 of 1st period - Shot Misses the Net.
4:03 of 1st period - Shot by Alexis Lafreniere.
4:03 of 1st period - Shot Blocked by Artem Zub.
4:21 of 1st period - Shot by Alexis Lafreniere.
4:21 of 1st period - Shot Blocked by Artem Zub.
4:34 of 1st period - Icing by Mark Pysyk.
4:35 of 1st period - Matthew Beniers wins face-off versus Ryan Dzingel in UTAH ICE BEARS zone.
4:40 of 1st period - Egor Zamula is hit by Alexander Barabanov and loses puck.
4:57 of 1st period - Shot by Ryan Dzingel.
4:57 of 1st period - Deflect By Tyler Johnson.
4:57 of 1st period - Stopped by Connor Ingram without a rebound.
4:58 of 1st period - Michael Chaput wins face-off versus Evgeni Malkin in UTAH ICE BEARS zone.
5:13 of 1st period - Shot by Mason Marchment.
5:13 of 1st period - Stopped by Connor Ingram with a rebound.
5:19 of 1st period - Shot by Andrew Mangiapane.
5:19 of 1st period - Stopped by Ilya Samsonov without a rebound.
5:20 of 1st period - Tyler Johnson wins face-off versus Ross Colton in KANSAS CITY KILLERBEES zone.
5:30 of 1st period - Shot by Ross Colton.
5:30 of 1st period - Shot Blocked by Egor Zamula.
5:36 of 1st period - Shot by Nicholas Paul.
5:36 of 1st period - Stopped by Ilya Samsonov without a rebound.
5:37 of 1st period - Evgeni Malkin wins face-off versus Yegor Sharangovich in KANSAS CITY KILLERBEES zone.
5:46 of 1st period - Shot by Andrew Mangiapane.
5:46 of 1st period - Shot Blocked by Colin Miller.
5:48 of 1st period - Shot by Evgeni Malkin.
5:48 of 1st period - Shot Misses the Net.
5:50 of 1st period - Shot by Andrew Mangiapane.
5:50 of 1st period - Stopped by Ilya Samsonov without a rebound.
5:51 of 1st period - Tyler Johnson wins face-off versus Ross Colton in KANSAS CITY KILLERBEES zone.
5:51 of 1st period - K'Andre Miller is hit by Ross Colton and loses puck.
7:17 of 1st period - Shot by Andrew Mangiapane.
7:17 of 1st period - Shot Blocked by Yegor Sharangovich.
7:19 of 1st period - Shot by Evgeni Malkin.
7:19 of 1st period - Shot Hit the Post.
7:21 of 1st period - Shot by Andrew Mangiapane.
7:21 of 1st period - Shot Misses the Net.
7:25 of 1st period - Shot by Kyle Okposo.
7:25 of 1st period - Goal by Kyle Okposo - UTAH ICE BEARS : 1 - KANSAS CITY KILLERBEES : 0.
7:26 of 1st period - Matthew Beniers wins face-off versus Michael Chaput in neutral zone.
7:31 of 1st period - Shot by Alexander Barabanov.
7:31 of 1st period - Shot Misses the Net.
7:42 of 1st period - Anders Bjork is hit by Matthew Beniers and loses puck.
8:00 of 1st period - Shot by Lucas Raymond.
8:00 of 1st period - Stopped by Ilya Samsonov with a rebound.
8:06 of 1st period - Shot by Matthew Beniers.
8:06 of 1st period - Stopped by Ilya Samsonov without a rebound.
8:07 of 1st period - Evgeni Malkin wins face-off versus Tyler Johnson in KANSAS CITY KILLERBEES zone.
8:45 of 1st period - Icing by Buddy Robinson.
8:46 of 1st period - Rudolfs Balcers wins face-off versus Tyler Johnson in KANSAS CITY KILLERBEES zone.
9:29 of 1st period - Shot by Nicholas Paul.
9:29 of 1st period - Shot Misses the Net.
9:32 of 1st period - Icing by Colin Miller.
9:33 of 1st period - Evgeni Malkin wins face-off versus MacKenzie Entwistle in KANSAS CITY KILLERBEES zone.
10:28 of 1st period - Shot by Anders Bjork.
10:28 of 1st period - Shot Blocked by Artem Zub.
10:59 of 1st period - Alexander Barabanov is hit by Cam Fowler and loses puck.
12:17 of 1st period - Icing by Mark Pysyk.
12:18 of 1st period - Yegor Sharangovich wins face-off versus Matthew Beniers in UTAH ICE BEARS zone.
12:46 of 1st period - Shot by Yegor Sharangovich.
12:46 of 1st period - Stopped by Connor Ingram with a rebound.
13:34 of 1st period - Shot by Mason Marchment.
13:34 of 1st period - Stopped by Connor Ingram without a rebound.
13:35 of 1st period - Evgeni Malkin wins face-off versus Jake Lucchini in UTAH ICE BEARS zone.
14:18 of 1st period - Shot by Andrew Mangiapane.
14:18 of 1st period - Stopped by Ilya Samsonov without a rebound.
14:19 of 1st period - Ross Colton wins face-off versus MacKenzie Entwistle in KANSAS CITY KILLERBEES zone.
15:22 of 1st period - MacKenzie Weegar is hit by Buddy Robinson and loses puck.
15:44 of 1st period - Shot by Ryan Dzingel.
15:44 of 1st period - Shot Misses the Net.
16:02 of 1st period - Shot by Mason Marchment.
16:02 of 1st period - Shot Misses the Net.
16:06 of 1st period - Shot by Anders Bjork.
16:06 of 1st period - Shot Misses the Net.
16:08 of 1st period - Shot by Mason Marchment.
16:08 of 1st period - Stopped by Connor Ingram with a rebound.
16:22 of 1st period - Shot by Mason Marchment.
16:22 of 1st period - Shot Misses the Net.
16:54 of 1st period - Shot by Evgeni Malkin.
16:54 of 1st period - Shot Misses the Net.
16:56 of 1st period - Shot by Evgeni Malkin.
16:56 of 1st period - Stopped by Ilya Samsonov without a rebound.
16:57 of 1st period - Blake Lizotte wins face-off versus Yegor Sharangovich in KANSAS CITY KILLERBEES zone.
17:44 of 1st period - Lucas Raymond is hit by K'Andre Miller and loses puck.
17:56 of 1st period - Lucas Raymond is hit by K'Andre Miller.
18:53 of 1st period - Ross Colton is hit by Mason Marchment.
19:40 of 1st period - Shot by Maxwell Willman.
19:40 of 1st period - Shot Misses the Net.
19:42 of 1st period - Shot by Maxwell Willman.
19:42 of 1st period - Shot Blocked by T.J. Brodie.
19:54 of 1st period - Shot by Maxwell Willman.
19:54 of 1st period - Stopped by Connor Ingram without a rebound.
19:55 of 1st period - Matthew Beniers wins face-off versus Yegor Sharangovich in UTAH ICE BEARS zone.
Goals for this period are 1 for UTAH ICE BEARS vs 0 for KANSAS CITY KILLERBEES.
Shots for this period are 11 for UTAH ICE BEARS vs 6 for KANSAS CITY KILLERBEES.

2nd period


0:01 of 2nd period - Yegor Sharangovich wins face-off versus Evgeni Malkin in neutral zone.
0:01 of 2nd period - Yegor Sharangovich is hit by Evgeni Malkin.
0:04 of 2nd period - Minor Penalty to Andrew Peeke for Hooking.
0:05 of 2nd period - Leo Komarov wins face-off versus Yegor Sharangovich in UTAH ICE BEARS zone.
0:41 of 2nd period - Shot by Yegor Sharangovich.
0:41 of 2nd period - Goal by Yegor Sharangovich - UTAH ICE BEARS : 1 - KANSAS CITY KILLERBEES : 1.
0:42 of 2nd period - Evgeni Malkin wins face-off versus Ryan Dzingel in neutral zone.
0:42 of 2nd period - Minor Penalty to Buddy Robinson for Slashing.
0:43 of 2nd period - Evgeni Malkin wins face-off versus Ryan Dzingel in KANSAS CITY KILLERBEES zone.
1:06 of 2nd period - Shot by Rudolfs Balcers.
1:06 of 2nd period - Stopped by Ilya Samsonov with a rebound.
1:08 of 2nd period - Shot by Andrew Peeke.
1:08 of 2nd period - Shot Blocked by Keith Yandle.
2:46 of 2nd period - Shot by Zachary Sanford.
2:46 of 2nd period - Stopped by Ilya Samsonov with a rebound.
3:02 of 2nd period - Shot by Maxwell Willman.
3:02 of 2nd period - Shot Misses the Net.
3:42 of 2nd period - Shot by Evgeni Malkin.
3:42 of 2nd period - Deflect By Kyle Okposo.
3:42 of 2nd period - Stopped by Ilya Samsonov without a rebound.
3:43 of 2nd period - Alexander Barabanov wins face-off versus Michael Chaput in KANSAS CITY KILLERBEES zone.
3:52 of 2nd period - Shot by Lucas Raymond.
3:52 of 2nd period - Shot Misses the Net.
4:20 of 2nd period - Shot by Lucas Raymond.
4:20 of 2nd period - Shot Misses the Net.
4:22 of 2nd period - Shot by Lucas Raymond.
4:22 of 2nd period - Stopped by Ilya Samsonov without a rebound.
4:23 of 2nd period - Ross Colton wins face-off versus Yegor Sharangovich in KANSAS CITY KILLERBEES zone.
5:05 of 2nd period - Yegor Sharangovich is hit by MacKenzie Weegar.
7:41 of 2nd period - Off-side.
7:42 of 2nd period - Michael Chaput wins face-off versus Ross Colton in neutral zone.
8:05 of 2nd period - Shot by Mason Marchment.
8:05 of 2nd period - Stopped by Connor Ingram with a rebound.
8:15 of 2nd period - Shot by Anders Bjork.
8:15 of 2nd period - Shot Misses the Net.
8:20 of 2nd period - Minor Penalty to Artem Zub for High sticking.
8:21 of 2nd period - Leo Komarov wins face-off versus Yegor Sharangovich in UTAH ICE BEARS zone.
8:21 of 2nd period - Leo Komarov is hit by Alexis Lafreniere.
8:59 of 2nd period - Icing by K'Andre Miller.
9:00 of 2nd period - Nicholas Paul wins face-off versus Yegor Sharangovich in KANSAS CITY KILLERBEES zone.
10:35 of 2nd period - Shot by Alexander Barabanov.
10:35 of 2nd period - Shot Misses the Net.
10:47 of 2nd period - Shot by Lucas Raymond.
10:47 of 2nd period - Stopped by Ilya Samsonov with a rebound.
12:03 of 2nd period - Off-side.
12:04 of 2nd period - Jake Lucchini wins face-off versus Ross Colton in neutral zone.
12:32 of 2nd period - Shot by Rudolfs Balcers.
12:32 of 2nd period - Stopped by Ilya Samsonov with a rebound.
13:03 of 2nd period - Maxwell Willman is hit by Evgeni Malkin and loses puck.
13:35 of 2nd period - Off-side.
13:36 of 2nd period - Blake Lizotte wins face-off versus Tyler Johnson in neutral zone.
13:36 of 2nd period - Zachary Sanford is hit by Buddy Robinson and loses puck.
13:50 of 2nd period - Shot by Blake Lizotte.
13:50 of 2nd period - Stopped by Ilya Samsonov without a rebound.
13:51 of 2nd period - Yegor Sharangovich wins face-off versus Matthew Beniers in KANSAS CITY KILLERBEES zone.
14:04 of 2nd period - Shot by MacKenzie Entwistle.
14:04 of 2nd period - Shot Misses the Net.
14:15 of 2nd period - Shot by Yegor Sharangovich.
14:15 of 2nd period - Stopped by Connor Ingram with a rebound.
14:17 of 2nd period - Shot by Colin Miller.
14:17 of 2nd period - Shot Misses the Net.
14:37 of 2nd period - MacKenzie Weegar is hit by Alexis Lafreniere and loses puck.
14:55 of 2nd period - Icing by Will Butcher.
14:56 of 2nd period - Tyler Johnson wins face-off versus Evgeni Malkin in KANSAS CITY KILLERBEES zone.
15:25 of 2nd period - Shot by Ryan Dzingel.
15:25 of 2nd period - Deflect By Tyler Johnson.
15:25 of 2nd period - Shot Misses the Net.
15:27 of 2nd period - Shot by Tyler Johnson.
15:27 of 2nd period - Goal by Tyler Johnson - UTAH ICE BEARS : 1 - KANSAS CITY KILLERBEES : 2.
15:28 of 2nd period - Michael Chaput wins face-off versus Ross Colton in neutral zone.
15:45 of 2nd period - Shot by Nicholas Paul.
15:45 of 2nd period - Shot Misses the Net.
15:47 of 2nd period - Shot by Nicholas Paul.
15:47 of 2nd period - Shot Misses the Net.
16:34 of 2nd period - Shot by Evgeni Malkin.
16:34 of 2nd period - Deflect By Andrew Mangiapane.
16:34 of 2nd period - Goal by Andrew Mangiapane - UTAH ICE BEARS : 2 - KANSAS CITY KILLERBEES : 2.
16:35 of 2nd period - Matthew Beniers wins face-off versus Yegor Sharangovich in neutral zone.
16:44 of 2nd period - Shot by Lucas Raymond.
16:44 of 2nd period - Shot Hit the Post.
17:31 of 2nd period - Off-side.
17:32 of 2nd period - Evgeni Malkin wins face-off versus Tyler Johnson in neutral zone.
17:45 of 2nd period - Icing by Keith Yandle.
17:46 of 2nd period - Tyler Johnson wins face-off versus Ross Colton in KANSAS CITY KILLERBEES zone.
17:48 of 2nd period - Buddy Robinson is hit by Ross Colton and loses puck.
17:52 of 2nd period - Tyler Johnson is hit by Rudolfs Balcers and loses puck.
18:24 of 2nd period - Icing by Mark Pysyk.
18:25 of 2nd period - Michael Chaput wins face-off versus Ross Colton in UTAH ICE BEARS zone.
18:25 of 2nd period - Michael Chaput is hit by Artem Zub.
18:50 of 2nd period - Icing by Bowen Byram.
18:51 of 2nd period - Evgeni Malkin wins face-off versus Yegor Sharangovich in UTAH ICE BEARS zone.
19:23 of 2nd period - Shot by Evgeni Malkin.
19:23 of 2nd period - Stopped by Ilya Samsonov with a rebound.
Goals for this period are 1 for UTAH ICE BEARS vs 2 for KANSAS CITY KILLERBEES.
Shots for this period are 9 for UTAH ICE BEARS vs 4 for KANSAS CITY KILLERBEES.

3rd period


0:01 of 3rd period - Evgeni Malkin wins face-off versus Yegor Sharangovich in neutral zone.
0:06 of 3rd period - Alexis Lafreniere is hit by Andrew Mangiapane and loses puck.
0:16 of 3rd period - Shot by Andrew Mangiapane.
0:16 of 3rd period - Stopped by Ilya Samsonov without a rebound.
0:17 of 3rd period - Tyler Johnson wins face-off versus Lucas Raymond in KANSAS CITY KILLERBEES zone.
0:17 of 3rd period - Tyler Johnson is hit by Alexander Barabanov.
0:53 of 3rd period - Shot by Buddy Robinson.
0:53 of 3rd period - Stopped by Connor Ingram without a rebound.
0:54 of 3rd period - Yegor Sharangovich wins face-off versus Evgeni Malkin in UTAH ICE BEARS zone.
0:54 of 3rd period - Alexis Lafreniere is hit by MacKenzie Weegar and loses puck.
1:03 of 3rd period - Shot by Yegor Sharangovich.
1:03 of 3rd period - Shot Misses the Net.
1:05 of 3rd period - Shot by K'Andre Miller.
1:05 of 3rd period - Shot Misses the Net.
1:07 of 3rd period - Shot by Alexis Lafreniere.
1:07 of 3rd period - Shot Misses the Net.
1:41 of 3rd period - Yegor Sharangovich is hit by MacKenzie Weegar and loses puck.
2:11 of 3rd period - Off-side.
2:12 of 3rd period - Tyler Johnson wins face-off versus Matthew Beniers in neutral zone.
2:25 of 3rd period - Matthew Beniers is hit by Keith Yandle.
2:26 of 3rd period - Minor Penalty to Colin Miller for Elbowing.
2:27 of 3rd period - Ryan Dzingel wins face-off versus Lucas Raymond in KANSAS CITY KILLERBEES zone.
3:12 of 3rd period - Icing by Mark Pysyk.
3:13 of 3rd period - Ryan Dzingel wins face-off versus Matthew Beniers in UTAH ICE BEARS zone.
3:39 of 3rd period - Off-side.
3:40 of 3rd period - Evgeni Malkin wins face-off versus MacKenzie Entwistle in neutral zone.
4:09 of 3rd period - Shot by MacKenzie Weegar.
4:09 of 3rd period - Shot Blocked by K'Andre Miller.
5:22 of 3rd period - Icing by Cam Fowler.
5:23 of 3rd period - Matthew Beniers wins face-off versus Jake Lucchini in KANSAS CITY KILLERBEES zone.
5:55 of 3rd period - Icing by T.J. Brodie.
5:56 of 3rd period - Tyler Johnson wins face-off versus Matthew Beniers in UTAH ICE BEARS zone.
5:59 of 3rd period - Shot by Ryan Dzingel.
5:59 of 3rd period - Shot Blocked by MacKenzie Weegar.
6:34 of 3rd period - MacKenzie Weegar is hit by Buddy Robinson and loses puck.
6:44 of 3rd period - Minor Penalty to Colin Miller for Hooking.
6:45 of 3rd period - Evgeni Malkin wins face-off versus Ryan Dzingel in KANSAS CITY KILLERBEES zone.
6:56 of 3rd period - Shot by Nicholas Paul.
6:56 of 3rd period - Stopped by Ilya Samsonov without a rebound.
6:57 of 3rd period - Ryan Dzingel wins face-off versus Evgeni Malkin in KANSAS CITY KILLERBEES zone.
6:57 of 3rd period - Ryan Dzingel is hit by Evgeni Malkin.
7:04 of 3rd period - Icing by Rudolfs Balcers.
7:05 of 3rd period - Ryan Dzingel wins face-off versus Evgeni Malkin in UTAH ICE BEARS zone.
7:06 of 3rd period - Shot by Yegor Sharangovich.
7:06 of 3rd period - Goal by Yegor Sharangovich - UTAH ICE BEARS : 2 - KANSAS CITY KILLERBEES : 3.
7:07 of 3rd period - Evgeni Malkin wins face-off versus Ryan Dzingel in neutral zone.
8:08 of 3rd period - MacKenzie Weegar is hit by Egor Zamula and loses puck.
8:52 of 3rd period - Shot by Blake Lizotte.
8:52 of 3rd period - Shot Misses the Net.
9:11 of 3rd period - Zachary Sanford is hit by Egor Zamula.
9:13 of 3rd period - Shot by Blake Lizotte.
9:13 of 3rd period - Goal by Blake Lizotte - UTAH ICE BEARS : 3 - KANSAS CITY KILLERBEES : 3.
9:14 of 3rd period - Evgeni Malkin wins face-off versus Michael Chaput in neutral zone.
9:17 of 3rd period - Shot by Kyle Okposo.
9:17 of 3rd period - Stopped by Ilya Samsonov without a rebound.
9:18 of 3rd period - Evgeni Malkin wins face-off versus Michael Chaput in KANSAS CITY KILLERBEES zone.
9:18 of 3rd period - Evgeni Malkin is hit by Cam Fowler.
9:24 of 3rd period - Shot by Andrew Mangiapane.
9:24 of 3rd period - Shot Blocked by Cam Fowler.
9:33 of 3rd period - Icing by Cam Fowler.
9:34 of 3rd period - Ross Colton wins face-off versus Michael Chaput in KANSAS CITY KILLERBEES zone.
10:51 of 3rd period - Icing by Alexis Lafreniere.
10:52 of 3rd period - Yegor Sharangovich wins face-off versus Matthew Beniers in KANSAS CITY KILLERBEES zone.
10:52 of 3rd period - Yegor Sharangovich is hit by Lucas Raymond.
10:57 of 3rd period - Yegor Sharangovich is hit by Matthew Beniers and loses puck.
12:12 of 3rd period - Shot by Tyler Johnson.
12:12 of 3rd period - Shot Blocked by Bowen Byram.
12:47 of 3rd period - Icing by Buddy Robinson.
12:48 of 3rd period - Tyler Johnson wins face-off versus Ross Colton in KANSAS CITY KILLERBEES zone.
12:48 of 3rd period - Tyler Johnson is hit by Ross Colton.
12:51 of 3rd period - Ryan Dzingel is hit by Rudolfs Balcers and loses puck.
13:03 of 3rd period - Minor Penalty to Buddy Robinson for Hooking.
13:04 of 3rd period - Lucas Raymond wins face-off versus Anders Bjork in KANSAS CITY KILLERBEES zone.
13:53 of 3rd period - Shot by Nicholas Paul.
13:53 of 3rd period - Shot Misses the Net.
13:55 of 3rd period - Shot by Mark Pysyk.
13:55 of 3rd period - Shot Misses the Net.
14:49 of 3rd period - Shot by MacKenzie Weegar.
14:49 of 3rd period - Stopped by Ilya Samsonov without a rebound.
14:50 of 3rd period - Alexander Barabanov wins face-off versus MacKenzie Entwistle in KANSAS CITY KILLERBEES zone.
15:20 of 3rd period - Shot by Blake Lizotte.
15:20 of 3rd period - Goal by Blake Lizotte - UTAH ICE BEARS : 4 - KANSAS CITY KILLERBEES : 3.
15:21 of 3rd period - Evgeni Malkin wins face-off versus Michael Chaput in neutral zone.
15:38 of 3rd period - Shot by Andrew Mangiapane.
15:38 of 3rd period - Stopped by Ilya Samsonov without a rebound.
15:39 of 3rd period - Ross Colton wins face-off versus Tyler Johnson in KANSAS CITY KILLERBEES zone.
15:39 of 3rd period - Ross Colton is hit by K'Andre Miller.
15:48 of 3rd period - Nicholas Paul is hit by K'Andre Miller and loses puck.
16:17 of 3rd period - Shot by Buddy Robinson.
16:17 of 3rd period - Deflect By Tyler Johnson.
16:17 of 3rd period - Stopped by Connor Ingram with a rebound.
16:28 of 3rd period - Icing by Bowen Byram.
16:29 of 3rd period - Ross Colton wins face-off versus Yegor Sharangovich in UTAH ICE BEARS zone.
16:34 of 3rd period - MacKenzie Entwistle is hit by Ross Colton and loses puck.
16:53 of 3rd period - Shot by Alexis Lafreniere.
16:53 of 3rd period - Stopped by Connor Ingram without a rebound.
16:54 of 3rd period - Evgeni Malkin wins face-off versus Michael Chaput in UTAH ICE BEARS zone.
17:05 of 3rd period - Shot by Evgeni Malkin.
17:05 of 3rd period - Shot Blocked by Egor Zamula.
17:29 of 3rd period - Shot by Anders Bjork.
17:29 of 3rd period - Stopped by Connor Ingram without a rebound.
17:30 of 3rd period - Matthew Beniers wins face-off versus Yegor Sharangovich in UTAH ICE BEARS zone.
17:42 of 3rd period - Lucas Raymond is hit by Cam Fowler and loses puck.
17:45 of 3rd period - Shot by Matthew Beniers.
17:45 of 3rd period - Shot Misses the Net.
18:28 of 3rd period - Off-side.
18:29 of 3rd period - Tyler Johnson wins face-off versus Evgeni Malkin in neutral zone.
18:32 of 3rd period - Shot by Buddy Robinson.
18:32 of 3rd period - Stopped by Connor Ingram without a rebound.
18:33 of 3rd period - Andrew Mangiapane wins face-off versus Ryan Dzingel in UTAH ICE BEARS zone.
18:40 of 3rd period - Minor Penalty to Andrew Peeke for Hooking.
18:41 of 3rd period - Leo Komarov wins face-off versus Tyler Johnson in UTAH ICE BEARS zone.
19:00 of 3rd period - KANSAS CITY KILLERBEES, Ilya Samsonov is pulled from the net.
19:00 of 3rd period - Shot by Buddy Robinson.
19:00 of 3rd period - Stopped by Connor Ingram without a rebound.
19:01 of 3rd period - Leo Komarov wins face-off versus Yegor Sharangovich in UTAH ICE BEARS zone.
Goals for this period are 2 for UTAH ICE BEARS vs 1 for KANSAS CITY KILLERBEES.
Shots for this period are 7 for UTAH ICE BEARS vs 7 for KANSAS CITY KILLERBEES.


SEBASTIAN
AHO
MARK
SCHEIFELE
JAKE
OETTINGER

EAST COAST

HOCKEY LEAGUE

  • 17.QUE3CHI2
  • 18.CHA2LIM4
  • 19.TRV3LON2
  • 20.CHW1BAL2
  • 21.PITMAN
  • 22.ATLNHW
  • 23.WORPET
  • 24.RHI